 Dungeon Crawl Stone Soup version 0.30-a0-639-g3916f1956a (webtiles) character file.

Game seed: 4174802392705989187

83 acebull12 the Shield-Bearer (level 4, -2/37 HPs)
             Began as a Formicid Fighter on Jan 17, 2023.
             Slain by a goblin
             ... wielding a +0 club
             ... led by Robin
              (4 damage)
             ... on level 1 of the Dungeon.
             The game lasted 00:03:22 (1733 turns).

acebull12 the Shield-Bearer (Formicid Fighter)      Turns: 1733, Time: 00:03:22

Health: -2/37      AC:  6    Str: 23    XL:     4   Next: 71%
Magic:  4/4        EV:  9    Int:  7    God:
Gold:   98         SH:  5    Dex: 13    Spells: 3/3 levels left

rFire   . . .      SeeInvis +    a - +0 flail
rCold   . . .      Faith    .    c - +0 buckler
rNeg    . . .      Spirit   .    b - +0 scale mail
rPois   .          Reflect  .    (helmet unavailable)
rElec   .          Harm     .    (no cloak)
rCorr   .          Rampage  .    (no gloves)
Will    .....                    (no boots) Stlth
                                 (no amulet)
HPRegen 0.26/turn                (no ring)
MPRegen 0.09/turn                (no ring)

@: no status effects
A: permanent stasis, dig shafts and tunnels, antennae 3, four strong arms
a: Dig, Shaft Self


You were on level 1 of the Dungeon.
You visited 1 branch of the dungeon, and saw 2 of its levels.

You collected 98 gold pieces.

Inventory:

Hand Weapons
 a - a +0 flail (weapon)
Missiles
 e - a stone (quivered)
 m - a throwing net
Armour
 b - a +0 scale mail (worn)
 c - a +0 buckler (worn)
Scrolls
 g - a scroll of teleportation {unknown}
 i - a scroll of enchant weapon {unknown}
 j - a scroll of noise {unknown}
 l - a scroll of poison {unknown}
 o - a scroll of identify {unknown}
Potions
 d - a potion of might
 f - a potion of degeneration {unknown}
 h - a potion of flight {unknown}
 k - a potion of heal wounds {unknown}
 n - a potion of curing {unknown}


   Skills:
 + Level 3.7 Fighting
 * Level 3.5 Maces & Flails
 + Level 3.6 Armour
 + Level 0.2 Dodging
 + Level 4.4 Shields


You had 3 spell levels left.
You didn't know any spells.
Your spell library was empty.

Dungeon Overview and Level Annotations

Branches:
Dungeon (2/15)

Altars:

Shops:
D:1 =((*

Annotations:
D:2 Robin


Innate Abilities, Weirdness & Mutations

You cannot be hasted, slowed, berserked, paralysed or teleported.
You can dig through walls and to a lower floor.
You have a pair of large antennae on your head. (SInv)
Your four strong arms can wield two-handed weapons with a shield.


Message History

You kill the hobgoblin!
No target in view!
You start resting.
HP restored.
You climb downwards.
Level annotation: Robin The hobgoblin barely misses you.
The goblin hits you but does no damage. The gnoll closely misses you.
There is a stone staircase leading up, spattered with blood here.
The hobgoblin hits you. You block the goblin's attack.
The gnoll closely misses you.
You climb upwards.
There is a stone staircase leading down here.
You hit the gnoll.
The gnoll is lightly wounded.
You block the gnoll's attack. The goblin hits you with a +0 club.
The gnoll hits you with a +0 halberd! The goblin closely misses you.
You closely miss the gnoll.
The gnoll is lightly wounded.
The gnoll hits you but does no damage. The goblin hits you but does no damage.
You hit the gnoll.
The gnoll is heavily wounded.
You block the gnoll's attack. The goblin hits you with a +0 club.
You closely miss the gnoll.
The gnoll is heavily wounded.
The gnoll hits you with a +0 halberd. The goblin hits you but does no damage.
You barely miss the gnoll.
The gnoll is heavily wounded.
The gnoll hits you with a +0 halberd! The goblin closely misses you.
You barely miss the gnoll.
The gnoll is heavily wounded.
The gnoll hits you with a +0 halberd!
* * * LOW HITPOINT WARNING * * *
You block the goblin's attack. The gnoll hits you with a +0 halberd.
* * * LOW HITPOINT WARNING * * *
You block the goblin's attack.
You hit the gnoll.
The gnoll is severely wounded.
The gnoll hits you but does no damage. The goblin hits you with a +0 club.
You die...

#############
#...........#
#.#########.####
#.# #@gg.)....#
#.# #g##.#....# ##
#.#
#.##..#..########.
#.#
#.##..............
#.#
#.#....####.......
#.#
#.#..#..######....
#.#
#.#.##...#########
#.#
#.#....#..........
#.#
#.################


You could see a gnoll, a hobgoblin and a goblin.

Vanquished Creatures
  2 gnolls (D:1)
  3 adders (D:2)
  3 ball pythons
  4 bats
  2 endoplasms (D:2)
  4 hobgoblins (D:1)
  3 kobolds (D:1)
  A quokka (D:2)
  3 frilled lizards
  7 goblins
  5 rats
37 creatures vanquished.

Notes
Turn   | Place    | Note
-------+----------+-------------------------------------------
     0 | D:1      | acebull12 the Formicid Fighter began the quest for the Orb.
     0 | D:1      | Reached XP level 1. HP: 18/18 MP: 1/1
    54 | D:1      | Found Jidumaumn's Assorted Antiques.
    97 | D:1      | Reached XP level 2. HP: 23/24 MP: 2/2
   160 | D:1      | Found Coysk's Weapon Emporium.
   247 | D:1      | Found Elamipai's Jewellery Shoppe.
   582 | D:1      | Found Ulit's Weapon Boutique.
   980 | D:2      | Reached XP level 3. HP: 18/29 MP: 3/3
  1376 | D:2      | Reached XP level 4. HP: 31/35 MP: 4/4
  1461 | D:2      | Noticed Robin
  1733 | D:1      | Slain by a goblin

Illustrated notes

Levels and vault maps discovered:
D:1:      erik_arrival_orb_chamber, layout_basic, serial_shops,
          nicolae_lakefront_shop, nicolae_shop_waterfront, shop, shop,
          nrook_loot_triangle, moated_statue, minmay_misc_feat_room,
          minmay_misc_feat_iff
D:2:      layout_loops_cross, uniq_robin

Skill      XL: |  1  2  3 |
---------------+----------+-----
Maces & Flails | 3 |  3.5
Fighting       | |  3.7
Armour         | |  3.6
Dodging        | |  0.2
Shields        | |  4.4

Action                   |  1- 3 |  4- 6 || total
-------------------------+-------+-------++-------
Melee: Flail             |    91 |    35 ||   126
Armor: Scale mail        |    49 |    23 ||    72
Dodge: Dodged            |    36 |    19 ||    55
Block: Buckler           |    23 |    18 ||    41

Table legend: (Time is in decaauts)
 A = Elapsed time spent in this place.
 B = Non-inter-level travel time spent in this place.
 C = Inter-level travel time spent in this place.
 D = Time resting spent in this place.
 E = Time spent auto-exploring this place.
 F = Levels seen in this place.
 G = Mean time per level.
                   A        B        C        D        E       F      G
               +--------+--------+--------+--------+--------+-----+--------+
         Total |   1774 |   1538 |    236 |    217 |   1001 |   2 |  887.0 |
       Dungeon |   1774 |   1538 |    236 |    217 |   1001 |   2 |  887.0 |
               +--------+--------+--------+--------+--------+-----+--------+

Top non-repeatable levels by time:
     D:1: 1223 daAuts
     D:2: 551 daAuts
